 Dungeon Crawl Stone Soup version 0.18-a0-1303-g41c131c (webtiles) character file.

77 realDonaldTrump the Firebug (level 4, 25/32 HPs)
             Began as a Demonspawn Fire Elementalist on Feb 12, 2016.
             Quit the game on level 3 of the Dungeon.
             The game lasted 00:02:59 (1738 turns).

realDonaldTrump the Firebug (DsFE)                  Turns: 1738, Time: 00:02:59

Health: 25/32      AC:  6    Str:  8    XL:     4   Next: 13%
Magic:  0/7        EV: 12    Int: 17    God:
Gold:   130        SH:  0    Dex: 14    Spells: 1 memorised, 6 levels left

rFire  . . .     SeeInvis .     k - +0 spear
rCold  . . .     Gourm    .     a - +0 robe
rNeg   . . .     Faith    .     (no shield)
rPois  .         Spirit   +     g - +0 helmet
rElec  .         Dismiss  .     (no cloak)
rCorr  .         Reflect  .     (no gloves)
SustAt .         Harm     .     j - +1 pair of boots
MR     .....                    (no amulet)
Stlth  ++........               (no ring)
                                (no ring)

@: not resistant to hostile enchantments, unstealthy
A: rugged brown scales 1, spiny 1, magic shield
a: no special abilities


You were on level 3 of the Dungeon.
You were not hungry.

You visited 1 branch of the dungeon, and saw 4 of its levels.

You collected 130 gold pieces.

Inventory:

Hand Weapons
 k - a +0 spear (weapon)
 v - a +0 blowgun
Armour
 a - a +0 robe (worn)
 g - a +0 helmet (worn)
 j - a +1 pair of boots (worn)
Scrolls
 d - a scroll of identify {unknown}
 e - a scroll of enchant armour {unknown}
 f - a scroll of teleportation {unknown}
 m - a scroll of magic mapping {unknown}
 n - a scroll of immolation {unknown}
 o - a scroll of blinking {unknown}
 p - a scroll of enchant weapon {unknown}
 r - a scroll of amnesia {unknown}
 u - a scroll of remove curse {unknown}
Potions
 q - a potion of agility {unknown}
 s - a potion of invisibility {unknown}
 t - a potion of lignification {unknown}
Books
 b - a book of Flames

   Spells                             Type                      Level
   a - Flame Tongue                   Conjuration/Fire             1
   b - Throw Flame                    Conjuration/Fire             2
   c - Conjure Flame                  Conjuration/Fire             3
   d - Inner Flame                    Hexes/Fire                   3
   e - Sticky Flame                   Conjuration/Fire             4
   f - Fireball                       Conjuration/Fire             5
Comestibles
 c - 6 bread rations
 h - 5 fruits
 i - 2 meat rations


   Skills:
 + Level 1.6 Fighting
 - Level 1.7 Dodging
 - Level 1.7 Stealth
 + Level 2.4 Spellcasting
 * Level 2.4 Conjurations
 + Level 3.1 Fire Magic


You had 6 spell levels left.
You knew the following spells:

 Your Spells              Type           Power        Failure   Level  Hunger
a - Flame Tongue          Conj/Fire      ##...        10%         1    #......


Dungeon Overview and Level Annotations

Branches:
Dungeon (4/15)
 Temple: D:4-7

Altars:
Fedhas
Pakellas


Innate Abilities, Weirdness & Mutations

You are partially covered in rugged brown scales (AC +1, +3% HP).
You are partially covered in sharp spines.
When hurt, damage is shared between your health and your magic reserves.


Message History

The flame tongue hits the centaur skeleton.
The centaur skeleton hits you. The centaur skeleton barely misses you.
Casting: Flame Tongue
Confirm with . or Enter, or press ? or * to list all spells.
Aiming: Flame Tongue
Press: ? - help, Shift-Dir - straight line, f/p - centaur skeleton
Aim: a centaur skeleton The flame tongue hits the centaur skeleton.
The centaur skeleton barely misses you.
Casting: Flame Tongue
Confirm with . or Enter, or press ? or * to list all spells.
You don't have enough magic to cast that spell.
Unknown command.
You hit the centaur skeleton.
You destroy the centaur skeleton!
You have reached level 4!
You feel agile.
Your demonic ancestry asserts itself...
Sharp spines emerge from parts of your body.
Enter note: fuck off Are you sure you want to abandon this character and quit the game? (Confirm with "yes".)

#.# #.# ####.########### ##.#
#.<............########..####
#.#...########.##[..........#
#.#...### #.##.###.#.#.#.#
#.......# #....((..#####.#
#.......# ###.####.....#.#
##.......# ####.# ...###.#.#
#......### #..@.#.##.###.#.#
.......# #.##.#.#...##.#.#
#...##.# # ....(._......#
##.###.#######.
.#.##...#.#.## ##.#
#........... .###.##.#.# ##.#
#.#######.###.###....#.#
.#.###.####### #.....####.#
........(..... #####......#
.#####.######.. #.######


There were no monsters in sight!

Vanquished Creatures
  A centaur skeleton (D:3)
  2 adders (D:3)
  2 giant geckos
  3 bats
  2 giant cockroaches (D:1)
  5 goblins (D:1)
  6 hobgoblins
  2 kobolds
  5 giant newts
28 creatures vanquished.

Vanquished Creatures (others)
  A lightning spire (D:3)
  A bush (D:3)
2 creatures vanquished.

Grand Total: 30 creatures vanquished

Notes
Turn   | Place    | Note
--------------------------------------------------------------
     0 | D:1      | realDonaldTrump the Demonspawn Fire Elementalist began the quest for the Orb.
     0 | D:1      | Reached XP level 1. HP: 13/13 MP: 3/3
   179 | D:1      | Gained mutation: You are partially covered in rugged brown scales (AC +1, +3% HP). [demonic ancestry]
   179 | D:1      | Reached XP level 2. HP: 5/19 MP: 5/5
  1098 | D:2      | You fall through a shaft for 2 floors!
  1327 | D:3      | Found an oddly glowing altar of Pakellas.
  1328 | D:3      | Noticed a deep elf annihilator
  1335 | D:3      | wat
  1359 | D:3      | Found a blossoming altar of Fedhas.
  1438 | D:3      | Gained mutation: When hurt, damage is shared between your health and your magic reserves. [demonic ancestry]
  1438 | D:3      | Reached XP level 3. HP: 25/25 MP: 6/6
  1439 | D:3      | ooh boy
  1439 | D:3      | just need pbd and this guys going straight to zigs
  1439 | D:3      | NS would be a shame though
  1640 | D:3      | Reached skill level 1 in Fighting
  1640 | D:3      | Reached skill level 3 in Fire Magic
  1737 | D:3      | Gained mutation: You are partially covered in sharp spines. [demonic ancestry]
  1737 | D:3      | Reached XP level 4. HP: 25/32 MP: 0/7
  1738 | D:3      | fuck off
  1738 | D:3      | Quit the game

Vault maps used:
D:1:      dpeg_arrival_tiny_g, hangedman_decor_push
D:3:      nicolae_overflow_crystal_walls, minmay_overflow_temple_star_quad,
          gammafunk_pakellas_spire_experiment
D:4:      elyvilon_altar_5, minmay_temple_entry_mist, first_bread

Action                   |  1- 3 |  4- 6 || total
-------------------------+-------+-------++-------
Melee: Club              |    58 |       ||    58
       Spear             |    36 |       ||    36
 Cast: Flame Tongue      |    14 |       ||    14
  Use: Potion            |     1 |       ||     1
 Stab: Sleeping          |     5 |       ||     5
  Eat: Chunk             |     3 |       ||     3
